 Dungeon Crawl Stone Soup version 0.28.0-53-g5a82cb258f (webtiles) character file.

Game seed: 9368162970824208266

414 DearestLeader the Chopper (level 6, -2/44 HPs)
             Began as a Gnoll Wanderer on June 7, 2022.
             Was a Follower of Cheibriados.
             Slain by a scorpion (4 damage)
             ... on level 3 of the Dungeon.
             The game lasted 00:06:47 (4362 turns).

DearestLeader the Chopper (Gnoll Wanderer)          Turns: 4362, Time: 00:06:50

Health: -2/44      AC:  9    Str: 13    XL:     6   Next: 91%
Magic:  8/11       EV: 12    Int: 16    God:    Cheibriados [*.....]
Gold:   106        SH:  5    Dex: 13    Spells: 8/12 levels left

rFire   . . .      SeeInvis .   a - +2 hand axe
rCold   . . .      Faith    .   b - +0 buckler
rNeg    . . .      Spirit   .   p - +3 leather armour
rPois   .          Reflect  .   g - +0 helmet
rElec   .          Harm     .   (no cloak)
rCorr   .          Rampage  .   d - +0 pair of gloves
Will    .....                   e - +0 pair of boots
Stlth   ++........              (no amulet)
HPRegen 0.14/turn               (no ring)
MPRegen 0.12/turn               (no ring)

@: lethally poisoned (-2 -> -26), flying, very slow
A: fangs 1, strong nose, distributed training
a: Renounce Religion, Bend Time


You were on level 3 of the Dungeon.
You worshipped Cheibriados.
Cheibriados was aware of your devotion.
You visited 1 branch of the dungeon, and saw 4 of its levels.

You collected 106 gold pieces.

Inventory:

Hand Weapons
 a - a +2 hand axe (weapon)
Armour
 b - a +0 buckler (worn)
 d - a +0 pair of gloves (worn)
 e - a +0 pair of boots (worn)
 g - a +0 helmet (worn)
 p - a +3 leather armour (worn)
Magical Staves
 h - a staff of air
Scrolls
 f - a scroll of fear
 j - a scroll of teleportation {unknown}
 k - a scroll of noise
 l - a scroll of immolation {unknown}
Potions
 i - a potion of mutation {unknown}
 m - a potion of flight
 n - a potion of resistance {unknown}
 o - a potion of degeneration {unknown}


   Skills:
 + Level 2.1 Fighting
 + Level 2.1 Short Blades
 + Level 2.1 Long Blades
 + Level 6.9 Axes
 + Level 2.1 Maces & Flails
 + Level 2.1 Polearms
 + Level 2.1 Staves
 + Level 2.1 Slings
 + Level 2.1 Bows
 + Level 2.1 Crossbows
 + Level 2.1 Throwing
 + Level 2.1 Armour
 + Level 3.4 Dodging
 + Level 3.2 Stealth
 + Level 3.4 Shields
 + Level 2.1 Unarmed Combat
 + Level 3.5 Spellcasting
 + Level 1.7 Conjurations
 + Level 1.7 Hexes
 + Level 1.7 Summonings
 + Level 1.7 Necromancy
 + Level 1.7 Translocations
 + Level 1.7 Transmutations
 + Level 1.7 Fire Magic
 + Level 1.7 Ice Magic
 + Level 1.7 Air Magic
 + Level 1.7 Earth Magic
 + Level 5.7 Poison Magic
 + Level 2.4 Invocations
 + Level 2.1 Evocations


You had 8 spell levels left.
You knew the following spells:

 Your Spells              Type           Power      Damage    Failure   Level
a - Sting                 Tmut/Pois      56%        1d5       6%          1
b - Spider Form           Tmut/Pois      14%        N/A       19%         3

Your spell library contained the following spells:

 Spells                   Type           Power      Damage    Failure   Level
 Ozocubu's Armour         Ice            8%         N/A       41%         3
 Freezing Cloud           Conj/Ice/Air   4%         6-21      99%         5
 Simulacrum               Ice/Necr       4%         N/A       100%        6
 Ozocubu's Refrigeration  Ice            4%         4d5       100%        7
 Polar Vortex             Ice            4%         N/A       100%        9


Dungeon Overview and Level Annotations

Branches:
Dungeon (4/15)
 Temple: D:4-7

Altars:
Ashenzari
Cheibriados
Elyvilon
Okawaru
Qazlal


Innate Abilities, Weirdness & Mutations

You have very sharp teeth.
Your uncanny sense of smell can sniff out nearby items.
Your experience applies equally to all skills.


Message History

You kill the worm!
You block the scorpion's attack. The scorpion barely misses you.
There is a stone staircase leading up here.
The scorpion stings you but does no damage.
You climb upwards.
There is a stone staircase leading down here.
Casting: Sting (safe; 6% risk of failure)
Confirm with . or Enter, or press ? or * to list all spells.
Aiming: Sting (safe; 6% risk of failure)
Press: ? - help, Shift-Dir - straight line, f - scorpion
Aim: a scorpion (71% to hit)
The sting hits the scorpion but does no damage.
The scorpion is poisoned.
The scorpion stings you.
Casting: Sting (safe; 6% risk of failure)
Confirm with . or Enter, or press ? or * to list all spells.
Aiming: Sting (safe; 6% risk of failure)
Press: ? - help, Shift-Dir - straight line, f/p - scorpion
Aim: a scorpion (lightly wounded, poisoned, 71% to hit)
The sting hits the scorpion but does no damage.
The scorpion looks even sicker.
The scorpion is lightly wounded.
The scorpion stings you.
* * * LOW HITPOINT WARNING * * *
You hit the scorpion.
The scorpion is moderately wounded.
The scorpion stings you.
* * * LOW HITPOINT WARNING * * *
You are lethally poisoned!
The scorpion poisons you! The scorpion stings you.
* * * LOW HITPOINT WARNING * * *
You are more poisoned.
The scorpion poisons you!
It was a potion of flight.
You feel very buoyant.
You fly up into the air.
* * * LOW HITPOINT WARNING * * *
You feel very sick. The scorpion stings you.
You die...

#..........#........#
#..........#........#
...........#........###
♣♣♣♣.......#..........#
...+......#####.......#
.#.♣......#####.......#
.#.♣..................#
.#.♣...##.#####..s....#
...'...##.# #.@.....#
♣♣♣♣...##.#####.......#
..#...........#.......#
#.########.#......#####
#.## ##........####
#..######............#
##........#..........#
...###.###...........#
######.##............#


You could see a scorpion (very poisoned).

Vanquished Creatures
  Eustachio (D:4)
  The ghost of MrOwl the Skirmisher, an amateur GrFi (D:3)
  A hound (D:2)
  Natasha (thrice) (D:3)
  2 adders (D:2)
  2 worms
  6 ball pythons
  11 endoplasms
  3 giant cockroaches
  10 goblins
  7 hobgoblins
  2 jackals (D:4)
  2 quokkas
  6 bats
  4 frilled lizards
  5 kobolds
  3 rats
69 creatures vanquished.

Vanquished Creatures (others)
  2 plants (D:2)
  2 withered plants (D:3)
4 creatures vanquished.

Grand Total: 73 creatures vanquished

Notes
Turn   | Place    | Note
-------+----------+-------------------------------------------
     0 | D:1      | DearestLeader the Gnoll Wanderer began the quest for the
                  | Orb.
     0 | D:1      | DearestLeader set off with the following items: a +2 hand
                  | axe, a +0 buckler, a +0 robe; and the following spell
                  | memorised: Sting; and the following spells available to
                  | memorise: Spider Form
     0 | D:1      | Reached XP level 1. HP: 13/13 MP: 4/4
   252 | D:1      | Reached XP level 2. HP: 19/19 MP: 1/5
  1047 | D:1      | Found a faded altar of an unknown god.
  1148 | D:1      | Reached XP level 3. HP: 25/25 MP: 5/7
  1531 | D:2      | Learned a level 3 spell: Spider Form
  1744 | D:2      | Reached skill level 1 in Invocations
  1934 | D:2      | Reached skill level 1 in Fighting
  1934 | D:2      | Reached skill level 1 in Short Blades
  1934 | D:2      | Reached skill level 1 in Long Blades
  1934 | D:2      | Reached skill level 1 in Maces & Flails
  1934 | D:2      | Reached skill level 1 in Polearms
  1934 | D:2      | Reached skill level 1 in Staves
  1934 | D:2      | Reached skill level 1 in Slings
  1934 | D:2      | Reached skill level 1 in Bows
  1934 | D:2      | Reached skill level 1 in Crossbows
  1934 | D:2      | Reached skill level 1 in Throwing
  1934 | D:2      | Reached skill level 1 in Armour
  1934 | D:2      | Reached skill level 1 in Unarmed Combat
  1934 | D:2      | Reached skill level 1 in Evocations
  2125 | D:2      | Reached XP level 4. HP: 17/32 MP: 8/8
  2620 | D:2      | Reached skill level 1 in Conjurations
  2620 | D:2      | Reached skill level 1 in Hexes
  2620 | D:2      | Reached skill level 1 in Summonings
  2620 | D:2      | Reached skill level 1 in Necromancy
  2620 | D:2      | Reached skill level 1 in Translocations
  2620 | D:2      | Reached skill level 1 in Transmutations
  2620 | D:2      | Reached skill level 1 in Fire Magic
  2620 | D:2      | Reached skill level 1 in Ice Magic
  2620 | D:2      | Reached skill level 1 in Air Magic
  2620 | D:2      | Reached skill level 1 in Earth Magic
  2946 | D:3      | Found a runed translucent door.
  2946 | D:3      | Noticed MrOwl's ghost (amateur GrFi)
  3225 | D:3      | Found an iron altar of Okawaru.
  3237 | D:3      | Found a broken altar of Ashenzari.
  3273 | D:3      | Found a stormy altar of Qazlal.
  3284 | D:3      | Found a snail-covered altar of Cheibriados.
  3288 | D:3      | Became a worshipper of Cheibriados the Contemplative
  3363 | D:3      | Noticed Natasha
  3371 | D:3      | Killed Natasha
  3372 | D:3      | Reached XP level 5. HP: 28/37 MP: 7/9
  3419 | D:3      | Noticed Natasha
  3427 | D:3      | Killed Natasha
  3430 | D:3      | Noticed Natasha
  3437 | D:3      | Killed Natasha
  3525 | D:3      | Found a white marble altar of Elyvilon.
  4052 | D:3      | Killed MrOwl's ghost
  4053 | D:3      | Reached XP level 6. HP: 20/44 MP: 9/11
  4281 | D:4      | Reached * piety under Cheibriados
  4293 | D:4      | Noticed Eustachio
  4319 | D:4      | Killed Eustachio
  4362 | D:3      | HP: 2/44 [poisoned by a scorpion]
  4362 | D:3      | Slain by a scorpion

Illustrated notes

Levels and vault maps discovered:
D:1:      wander_arrival_chamber, layout_loops_ring,
          hellmonk_ecumenical_altar_leap_of_faith, serial_co_window_serial,
          co_window_corner_a, co_window_corner_a, co_window_paths_a,
          co_window_paths_b, co_window_paths_a, co_window_paths_b,
          co_window_paths_b, co_window_paths_a, co_window_corner_a,
          co_window_paths_c, co_window_paths_c, co_window_2corner,
          co_window_paths_c, co_window_2corner, co_window_paths_e,
          glass_columns_c, glass_columns_c, glass_columns_a, glass_columns_a,
          minivault_11
D:2:      layout_basic, hangedman_abyss_or_decor_lesser_grid,
          serial_bayou_ford_a
D:3:      kennysheep_the_goblin_king, layout_rooms,
          nicolae_overflow_quartered_altars,
          mainiacjoe_overflow_six_doors_small, gammafunk_ghost_grave,
          minmay_stone_trees_small, uniq_natasha
D:4:      layout_cave_pools, minmay_cupped, uniq_eustachio

Skill      XL: |  1  2  3  4  5  6 |
---------------+-------------------+-----
Invocations    | 1 2 |  2.4
Fighting       | 1 2 |  2.1
Short Blades   | 1 2 |  2.1
Long Blades    | 1 2 |  2.1
Maces & Flails | 1 2 |  2.1
Polearms       | 1 2 |  2.1
Staves         | 1 2 |  2.1
Slings         | 1 2 |  2.1
Bows           | 1 2 |  2.1
Crossbows      | 1 2 |  2.1
Throwing       | 1 2 |  2.1
Armour         | 1 2 |  2.1
Unarmed Combat | 1 2 |  2.1
Evocations     | 1 2 |  2.1
Spellcasting   | 3 |  3.5
Conjurations   | 1 |  1.7
Hexes          | 1 |  1.7
Summonings     | 1 |  1.7
Necromancy     | 1 |  1.7
Translocations | 1 |  1.7
Transmutations | 1 |  1.7
Fire Magic     | 1 |  1.7
Ice Magic      | 1 |  1.7
Air Magic      | 1 |  1.7
Earth Magic    | 1 |  1.7
Dodging        | 3 |  3.4
Shields        | 3 |  3.4
Stealth        | 3 |  3.2
Axes           | |  6.9
Poison Magic   | |  5.7

Action                   |  1- 3 |  4- 6 || total
-------------------------+-------+-------++-------
Melee: Hand axe          |    76 |    97 ||   173
       Bite              |     6 |    12 ||    18
       Unarmed           |       |    22 ||    22
 Cast: Sting             |    19 |    25 ||    44
       Spider Form       |       |     2 ||     2
  Use: Scroll            |       |     2 ||     2
       Potion            |       |     1 ||     1
 Stab: Sleeping          |     5 |     3 ||     8
Armor: Robe              |    16 |    25 ||    41
       Skin              |       |     2 ||     2
       Leather armour    |       |     1 ||     1
Dodge: Dodged            |    34 |    98 ||   132
Block: Buckler           |    13 |    16 ||    29
